 Dungeon Crawl Stone Soup version 0.28.0-53-g5a82cb258f (webtiles) character file.

Game seed: 16457915917522602550

261 mcbry74 the Cleaver (level 6, -3/51 HPs)
             Began as a Hill Orc Fighter on June 24, 2022.
             Slain by Grinder (4 damage)
             ... while paralysed by Grinder
             ... on level 4 of the Dungeon.
             The game lasted 00:07:39 (3875 turns).

mcbry74 the Cleaver (Hill Orc Fighter)              Turns: 3875, Time: 00:07:39

Health: -3/51      AC: 11    Str: 21    XL:     6   Next: 18%
Magic:  6/6        EV:  2    Int: 14    God:
Gold:   193        SH:  0    Dex: 13    Spells: 5/5 levels left

rFire   . . .      SeeInvis .   a - +0 war axe
rCold   . . .      Faith    .   c - +0 buckler
rNeg    . . .      Spirit   .   u - +5 ring mail of the Arena {Dex+3 Slay+2}
rPois   +          Reflect  .   (no helmet)
rElec   .          Harm     .   (no cloak)
rCorr   .          Rampage  .   (no gloves)
Will    .....                   D - +0 pair of boots
Stlth   +.........              (no amulet)
HPRegen 0.17/turn               q - ring of poison resistance
MPRegen 0.10/turn               A - +6 ring of intelligence

@: paralysed
A: no striking features
a: no special abilities


You were on level 4 of the Dungeon.
You visited 1 branch of the dungeon, and saw 4 of its levels.

You collected 193 gold pieces.

Inventory:

Hand Weapons
 a - a +0 war axe (weapon)
Missiles
 r - 96 stones (quivered)
 x - 6 javelins
Armour
 b - a +0 scale mail
 c - a +0 buckler (worn)
 l - a +0 chain mail
 u - the +5 ring mail of the Arena (worn) {Dex+3 Slay+2}
   (You found it on level 3 of the Dungeon)

   Dex:       It affects your dexterity (+3).
   Slay:      It affects your accuracy & damage with ranged weapons and melee
   (+2).
 D - a +0 pair of boots (worn)
Magical Staves
 o - a staff of conjuration
Jewellery
 q - a ring of poison resistance (left hand)
 A - a +6 ring of intelligence (right hand)
Wands
 w - a wand of flame (20)
 y - a wand of mindburst (6)
Scrolls
 g - 2 scrolls of blinking {unknown}
 j - 2 scrolls of immolation {unknown}
 k - a scroll of fear {unknown}
 n - 2 scrolls of teleportation {unknown}
 p - a scroll of silence {unknown}
 s - a scroll of enchant weapon {unknown}
 B - a scroll of identify {unknown}
 C - a scroll of noise {unknown}
Potions
 d - a potion of might
 e - 2 potions of lignification {unknown}
 f - 2 potions of haste {unknown}
 h - a potion of heal wounds {unknown}
 i - 2 potions of invisibility {unknown}
 m - a potion of flight {unknown}
 t - 2 potions of curing {unknown}
 v - a potion of magic {unknown}
 z - a potion of degeneration {unknown}


   Skills:
 - Level 3.6 Fighting
 + Level 8.3 Axes
 - Level 3.2 Armour
 - Level 3.2 Shields


You had 5 spell levels left.
You didn't know any spells.
Your spell library was empty.

Dungeon Overview and Level Annotations

Branches:
Dungeon (4/15)
 Temple: D:4-7

Altars:

Annotations:
D:4 Grinder


Message History

Grinder hits you.
You writhe in agony.
You hit Grinder.
Grinder is severely wounded.
Grinder hits you but does no damage. Grinder barely misses you.
You hit Grinder.
Grinder is severely wounded.
Grinder hits you.
You hit Grinder.
Grinder is almost dead.
Grinder gestures at you. Pain shoots through your body!
You closely miss Grinder.
Grinder is almost dead.
Grinder hits you but does no damage.
You completely miss Grinder.
Grinder is almost dead.
You block Grinder's attack.
You closely miss Grinder.
Grinder is almost dead.
Grinder blinks!
Grinder gestures at you. You resist with significant effort.
There is an open door here.
Grinder gestures at you.
You suddenly lose the ability to move!
Grinder gestures at you. Pain shoots through your body!
Grinder gestures at you.
You shrug off the repeated paralysis!
Grinder hits you but does no damage. Grinder hits you.
* * * LOW HITPOINT WARNING * * *
You writhe in agony.
* * * LOW HITPOINT WARNING * * *
Grinder hits you!
* * * LOW HITPOINT WARNING * * *
You writhe in agony.
* * * LOW HITPOINT WARNING * * *
Grinder hits you.
You die...

###########
#######.........#
................#
...§............#
.......######.5.########
.......'....'@..........
.......######†..########
....... #<..'.#
.(.....######...#.#
.......#........#.#
.......#.....##.#.#
.?.....#.....##.#.#
#.#...##.....##.#.#
#.....##.#.#


You could see Grinder.

Vanquished Creatures
  A necrophage (D:3)
  4 gnolls (D:2)
  5 adders
  2 dart slugs (D:3)
  5 orcs (D:3)
  3 ball pythons
  11 endoplasms
  5 giant cockroaches
  3 goblins
  7 hobgoblins
  9 kobolds
  5 quokkas
  4 bats
  4 frilled lizards
  12 rats
80 creatures vanquished.

Vanquished Creatures (others)
  30 plants (D:2)
30 creatures vanquished.

Grand Total: 110 creatures vanquished

Notes
Turn   | Place    | Note
-------+----------+-------------------------------------------
     0 | D:1      | mcbry74 the Hill Orc Fighter began the quest for the Orb.
     0 | D:1      | Reached XP level 1. HP: 19/19 MP: 1/1
    12 | D:1      | Reached skill level 3 in Axes
   139 | D:1      | Reached XP level 2. HP: 17/26 MP: 2/2
   432 | D:1      | Reached skill level 4 in Axes
   726 | D:1      | Reached XP level 3. HP: 23/31 MP: 3/3
  1445 | D:1      | Reached skill level 5 in Axes
  1806 | D:2      | Reached XP level 4. HP: 34/39 MP: 4/4
  2099 | D:2      | Reached skill level 6 in Axes
  2784 | D:3      | Identified the +5 ring mail of the Arena {Dex+3 Slay+2}
  2902 | D:3      | Noticed a necrophage
  2909 | D:3      | Killed a necrophage
  2910 | D:3      | Reached skill level 7 in Axes
  2910 | D:3      | Reached XP level 5. HP: 44/45 MP: 5/5
  3603 | D:3      | Reached skill level 8 in Axes
  3605 | D:3      | Reached XP level 6. HP: 51/51 MP: 6/6
  3841 | D:4      | Noticed Grinder
  3855 | D:4      | Paralysed by Grinder for 2 turns
  3869 | D:4      | Paralysed by Grinder for 7 turns
  3874 | D:4      | HP: 1/51 [Grinder (6)]
  3875 | D:4      | Slain by Grinder

Illustrated notes

Levels and vault maps discovered:
D:1:      onia_arrival_handbag, layout_loops_corners, minmay_pentomino_w2
D:2:      wad_woods_settlement, layout_basic
D:3:      layout_basic, minmay_joined_circles
D:4:      layout_basic, minmay_temple_entry_crystal_x, uniq_natasha, uniq_pikel,
          uniq_grinder

Skill      XL: |  1  2  3  4  5 |
---------------+----------------+-----
Axes           | 3 4 5 7 8 |  8.3
Fighting       | |  3.6
Armour         | |  3.2
Shields        | |  3.2

Action                   |  1- 3 |  4- 6 || total
-------------------------+-------+-------++-------
Melee: War axe           |   121 |   135 ||   256
Armor: Scale mail        |    54 |       ||    54
       Chain mail        |     1 |    44 ||    45
       Ring mail         |       |    24 ||    24
Dodge: Dodged            |    68 |    31 ||    99
Block: Buckler           |    27 |    24 ||    51
